 Dungeon Crawl Stone Soup version 0.26.1-11-gd32895ea62 (webtiles) character file.

Game seed: 11461896406282240609

5854 dtburroughs the Cleaver (level 10, -3/136 HPs)
             Began as a Minotaur Berserker on May 19, 2021.
             Was a Priest of Trog.
             Slain by a death yak (20 damage)
             ... on level 8 of the Dungeon on May 20, 2021.
             The game lasted 00:21:12 (11340 turns).

dtburroughs the Cleaver (Minotaur Berserker)       Turns: 11340, Time: 00:21:13

Health: -3/136     AC: 14    Str: 23    XL:     10   Next: 52%
Magic:  9/9        EV: 11    Int:  7    God:    Trog [***...]
Gold:   633        SH:  0    Dex:  9    Spells: 9/9 levels left

rFire    . . .     SeeInvis .   z - +2 morningstar (flame)
rCold    . . .     Faith    .   (no shield)
rNeg     . . .     Spirit   .   h - +0 chain mail
rPois    .         Reflect  .   (helmet restricted)
rElec    .         Harm     .   x - +0 cloak
rCorr    .         Rampage  .   (no gloves)
Will     ++...                  s - +0 pair of boots
Stlth    ..........             (no amulet)
HPRegen  1.32/turn              (no ring)
MPRegen  0.11/turn              (no ring)

@: berserking, regenerating, very quick
A: retaliatory headbutt, horns 2
a: Renounce Religion, Berserk, Trog's Hand


You were on level 8 of the Dungeon.
You worshipped Trog.
Trog was most pleased with you.
You visited 1 branch of the dungeon, and saw 9 of its levels.

You collected 633 gold pieces.

Inventory:

Hand Weapons
 a - a +0 hand axe
 w - a +2 quarterstaff of chaos
 z - a +2 morningstar of flaming (weapon)
Armour
 h - a +0 chain mail (worn)
 s - a +0 pair of boots (worn)
 v - a cursed +0 ring mail
 x - a +0 cloak (worn)
 A - +0 swamp dragon scales
Jewellery
 n - an uncursed ring of positive energy {unknown}
 u - an uncursed ring of protection from fire {unknown}
 y - a cursed ring of teleportation {unknown}
Wands
 o - a wand of flame (25)
 F - a wand of iceblast (8)
 H - a wand of acid (9)
Scrolls
 b - 4 scrolls of blinking
 f - 10 scrolls of identify
 g - 3 scrolls of fear
 j - 2 scrolls of remove curse {unknown}
 k - a scroll of fog {unknown}
 m - 3 scrolls of immolation {unknown}
 t - 3 scrolls of random uselessness {unknown}
 C - a scroll of amnesia {unknown}
 D - a scroll of magic mapping {unknown}
 E - a scroll of enchant weapon {unknown}
Potions
 c - 2 potions of flight {unknown}
 d - 9 potions of curing
 e - 3 potions of invisibility
 i - a potion of attraction {unknown}
 l - a potion of resistance {unknown}
 p - a potion of degeneration {unknown}
 q - a potion of mutation {unknown}
 r - a potion of haste {unknown}
 B - 2 potions of magic {unknown}
 G - 2 potions of lignification {unknown}


   Skills:
 + Level 9.5 Fighting
 + Level 9.5 Axes
 + Level 9.2 Armour
 + Level 8.4 Dodging
 + Level 5.2 Evocations


You had 9 spell levels left.
You didn't know any spells.
Your spell library was empty.

Dungeon Overview and Level Annotations

Branches:
Dungeon (9/15)             Temple (0/1) D:5            Lair (0/6) D:9
    Orc: D:9-12

Altars:
Nemelex Xobeh
Okawaru
Sif Muna
Trog
Uskayaw
Beogh

Shops:
D:6 [

Annotations:
D:3 2 transporters, Sopht's ghost, amateur KoAM
D:7 3 runed translucent doors, Duder's ghost, novice MiBe


Innate Abilities, Weirdness & Mutations

You reflexively headbutt those who attack you in melee.
You have a pair of horns on your head.


Message History

The death yak gores you but does no damage.
The death yak completely misses you. You furiously retaliate!
You headbutt the death yak. The death yak gores you!
You hit the death yak. You burn the death yak.
The death yak is lightly wounded.
The death yak gores you. The death yak gores you!
* * * LOW HITPOINT WARNING * * *
A red film seems to cover your vision as you go berserk!
You feel yourself moving faster!
You feel mighty! The death yak gores you!!
* * * LOW HITPOINT WARNING * * *
The death yak snorts and paws the ground.
The death yak barely misses you.
You hit the death yak. You burn the death yak.
The death yak is lightly wounded.
The death yak gores you but does no damage.
The death yak closely misses you.
You puncture the death yak! You burn the death yak. You headbutt the death yak!
The death yak is moderately wounded.
The death yak gores you!!
You die...

#....#.....'...'.........#
###'##.....###########'###
#........................#
#........................#
#...........[............#
#........................#
#........................#####
....###'#############'####...#
(...#...#......Y@.....#......#
....#...#........Y....#......#
....#...#.............'......#
....'...#........##...###....#
.<..######.......##...###....#
.........##########..........#
..................#..........#
..................#..........#
.........)........#..........#


You could see 2 death yaks.

Vanquished Creatures
  Erica (D:8)
  2 death yaks
  Maggie (D:6)
  A troll (D:9)
  Prince Ribbit (D:6)
  Sigmund (D:6)
  5 yaks (D:9)
  Grum (D:8)
  Menkaure (D:5)
  2 sky beasts
  3 wolves (D:8)
  A phantom (D:9)
  A big kobold (D:8)
  A gnoll sergeant (D:9)
  3 bullfrogs
  A wyvern skeleton (D:7)
  A scorpion (D:5)
  2 howler monkeys (D:5)
  2 bullfrog zombies
  A jelly (D:8)
  3 orc priests
  Crazy Yiuf (D:5)
  7 hounds
  A bullfrog skeleton (D:6)
  4 iguanas
  5 worker ants
  6 orc wizards
  A killer bee zombie (D:8)
  A hound zombie (D:8)
  2 hound skeletons
  A mummy (D:7)
  2 worker ant zombies
  Robin (D:3)
  3 gnolls (D:9)
  A howler monkey skeleton (D:5)
  6 adders
  A shadow imp (D:5)
  2 white imps
  A worm (D:2)
  3 dart slugs
  3 leopard geckos
  25 orcs
  A ball python (D:5)
  12 bats
  7 giant cockroaches
  17 goblins
  4 hobgoblins (D:3)
  3 jackals
  4 quokkas
  4 frilled lizards
  2 hobgoblin zombies (D:7)
  A jackal skeleton (D:4)
  8 kobolds
  A kobold zombie (D:7)
  An orc zombie (D:7)
  A quokka skeleton (D:4)
  A quokka zombie (D:8)
  12 rats
191 creatures vanquished.

Vanquished Creatures (others)
  A goblin (D:3)
  7 plants (D:5)
8 creatures vanquished.

Grand Total: 199 creatures vanquished

Notes
Turn   | Place    | Note
-------+----------+-------------------------------------------
     0 | D:1      | dtburroughs the Minotaur Berserker began the quest for the
                  | Orb.
     0 | D:1      | Reached XP level 1. HP: 19/19 MP: 0/0
   295 | D:1      | Reached XP level 2. HP: 11/27 MP: 1/1
  1215 | D:2      | Reached XP level 3. HP: 33/33 MP: 2/2
  1719 | D:2      | Found a sparkling altar of Nemelex Xobeh.
  1720 | D:2      | Found a bloodstained altar of Trog.
  1829 | D:2      | You fall into a shaft and drop 2 floors!
  1848 | D:3      | Reached ** piety under Trog
  1849 | D:3      | Reached XP level 4. HP: 28/41 MP: 3/3
  2243 | D:3      | Found an iron altar of Okawaru.
  2246 | D:3      | Found a hide-covered altar of Uskayaw.
  2308 | D:3      | Found a transporter.
  2308 | D:3      | Noticed Sopht's ghost (amateur KoAM)
  2322 | D:3      | Found a transporter.
  2784 | D:3      | Found a shimmering blue altar of Sif Muna.
  2842 | D:3      | Found a faded altar of an unknown god.
  2881 | D:3      | Noticed Robin
  2894 | D:3      | Reached XP level 5. HP: 40/47 MP: 4/4
  2901 | D:3      | Reached *** piety under Trog
  2906 | D:3      | Killed Robin
  4003 | D:5      | Entered Level 5 of the Dungeon
  4009 | D:5      | Reached skill level 5 in Fighting
  4009 | D:5      | Reached skill level 5 in Axes
  4430 | D:5      | Reached XP level 6. HP: 41/56 MP: 5/5
  4996 | D:5      | Found a staircase to the Ecumenical Temple.
  5037 | D:5      | Reached skill level 5 in Armour
  5037 | D:5      | Reached XP level 7. HP: 57/62 MP: 6/6
  5147 | D:5      | Noticed Menkaure
  5158 | D:5      | Killed Menkaure
  5234 | D:5      | Found a runed translucent door.
  5235 | D:5      | Noticed Crazy Yiuf
  5414 | D:5      | Killed Crazy Yiuf
  5735 | D:5      | Reached skill level 5 in Dodging
  5898 | D:6      | Noticed Sigmund
  5906 | D:6      | Killed Sigmund
  5942 | D:6      | Noticed Prince Ribbit
  5958 | D:6      | Killed Prince Ribbit
  5959 | D:6      | Reached skill level 1 in Evocations
  5959 | D:6      | Reached XP level 8. HP: 45/71 MP: 7/7
  6331 | D:6      | Noticed Maggie
  6347 | D:6      | Killed Maggie
  7143 | D:6      | Found Kugeogem's Armour Boutique.
  7480 | D:7      | Reached **** piety under Trog
  7666 | D:7      | Found a runed translucent gate.
  7666 | D:7      | Found a runed translucent gate.
  7666 | D:7      | Found a runed translucent gate.
  7668 | D:7      | Noticed Duder's ghost (novice MiBe)
  7668 | D:7      | Identified the +0 chain mail of Sorcery {Harm rPois}
  7672 | D:7      | Found a roughly hewn altar of Beogh.
  7828 | D:8      | Noticed Erica
  7846 | D:8      | Killed Erica
  7847 | D:8      | Reached XP level 9. HP: 51/81 MP: 8/8
  8622 | D:8      | Noticed Grum
  8640 | D:8      | Killed Grum
  9719 | D:9      | Reached XP level 10. HP: 52/90 MP: 9/9
 10351 | D:9      | Noticed a death yak
 10393 | D:9      | Killed a death yak
 10398 | D:9      | Reached skill level 5 in Evocations
 10803 | D:9      | Found a staircase to the Lair.
 10805 | D:9      | Noticed a death yak
 10805 | D:9      | Noticed a death yak
 10805 | D:9      | Noticed a death yak
 10805 | D:9      | Noticed a death yak
 10850 | D:8      | Killed a death yak
 11340 | D:8      | Slain by a death yak

Illustrated notes

Levels and vault maps discovered:
D:1:      roderic_octagonal_star, layout_loops_ring
D:2:      layout_basic, gammafunk_temple_overflow_pools, serial_bayou_pond_b,
          grunt_ministairs_8
D:3:      layout_basic, general_overflow_altar, minitemple,
          chequers_ecumenical_altar_grove, gammafunk_ghost_mausoleum, uniq_robin
D:4:      layout_basic, kennysheep_small_spiral, chequers_serial_rivers_large_b
D:5:      layout_basic, minmay_temple_entry_gardened_gates,
          uniq_crazy_yiuf_cottage, uniq_menkaure
D:6:      layout_cave_pods, serial_shops, nicolae_shop_behind_doors,
          uniq_prince_ribbit1, uniq_maggie, uniq_sigmund
D:7:      layout_basic, biasface_ghost_orc_armoury, minmay_mini_ossuary
D:8:      layout_gridville, feat_on_display, uniq_erica, uniq_grum
D:9:      layout_irregular_city, grunt_dithmenos_smoke, dpeg_lair_monsters

Skill      XL: |  1  2  3  4  5  6  7  8  9 10 |
---------------+-------------------------------+-----
Fighting       | 4 5 6 8 9 |  9.5
Axes           | 4 5 6 8 9 |  9.5
Armour         | 3 4 5 6 7 8 9 |  9.2
Dodging        | 3 4 5 6 7 8 |  8.4
Evocations     | 1 3 4 5 |  5.2

Action                   |  1- 3 |  4- 6 |  7- 9 | 10-12 || total
-------------------------+-------+-------+-------+-------++-------
Melee: Hand axe          |    75 |   186 |    57 |       ||   318
       Headbutt          |     8 |    34 |    51 |     8 ||   101
       Morningstar       |       |       |   202 |    41 ||   243
Invok: Trog's Hand       |       |     2 |     4 |     3 ||     9
       Berserk           |       |       |     2 |     3 ||     5
       Brothers in Arms  |       |       |       |     1 ||     1
Evoke: Wand              |       |       |    14 |       ||    14
  Use: Scroll            |       |       |     4 |       ||     4
 Stab: Paralysed         |       |       |     4 |       ||     4
Armor: Animal skin       |    10 |       |       |       ||    10
       Ring mail         |    11 |       |       |       ||    11
       Chain mail        |    14 |   107 |   173 |    12 ||   306
Dodge: Dodged            |    53 |   100 |   162 |    25 ||   340
